Yev-Ruu, chaotic female vampiric Convict ---- %# ........--.-- |.`|0*%)# ##-.....|..%..| /#[#).%)#0%%##0 # |.......%%%.. ------ ------------ $ ---- )## ####.....%..%%..| 0#+..%.| |.(.....#..#| $ %%%#% # |.......%%...#######.....| |.#...#..#..| $ $ ) %## -----.--.---- ####.).)^.# |.##(#/..%..| % # ### ####|....|#)####.........#..-# $ ------ % # # #### ------# -----------.-# $ |....|# % % ### # # ###### # # |....|### #%#%)%[################### # # # ### # |....| # %-.%---% ### # 22# # # # |.....#####|....|# # # ## ######## # |....| #|....| ------.-----# #--------|---#-- ### ------ |.....#####%.....#### |.....@....|# #|.^...........| # |....| ------ #|....| |..........|# #..........<...| ##.....| #------ |.2........|# |.......).....| |....| $ 0###############-3..........# --------------- ------ |.........n| $ ------------ Yev-Ruu the Outlaw Experience level: 15 Strength: 25 Dexterity: 10 Constitution: 19 Intelligence: 10 Wisdom: 10 Charisma: 8 Health: 138(141) Energy: 32(32) AC: -11 Gold: 194 Moves: 35082 Your Inventory: Coins $ - 194 gold pieces Amulets J - an [uncursed] amulet of reflection (being worn) Armor u - a [blessed] +2 elven leather helm (being worn) y - an [uncursed] +0 elven mithril-coat (being worn) F - an [uncursed] +0 pair of gauntlets of power (being worn) K - an [uncursed] +0 cloak of protection (being worn) W - a [blessed] +5 small shield (being worn) Y - an uncursed burnt +0 pair of speed boots (being worn) Comestibles D - an [uncursed] Hyper Futa Mare Dick named Hope Scrolls k - an [uncursed] scroll of teleportation Rings i - an [uncursed] ring called Sustenance named STREAKBREAKER [of slow digestion] (on right hand) Wands m - a [cursed] wand of teleportation [0:3] Tools a - an [uncursed +0] unicorn horn f - an [uncursed] bag called Hol' up named Portal to the elemental plane of TEETH [of holding] r - an [uncursed] skeleton key t - an [uncursed magic] lamp called Mejic E - an [uncursed] silver bell [(Bell of Opening) (0:3)] T - an [uncursed] can of grease [0:15] Gems l - an [uncursed] yellowish brown gem [worthless glass] I - an [uncursed] stone called Lucky Luke [luckstone] Iron balls c - the blessed rustproof Iron Ball of Liberation (chained to you) (weapon in hand) Contents of the bag of holding named Portal to the elemental plane of TEETH: 94 gold pieces a [blessed] scroll of teleportation an [uncursed] orange potion [of see invisible] an [uncursed] potion of healing an [uncursed] wand of create monster [0:8] an [uncursed] wand of death [0:2] an [uncursed] wand of death [0:8] an [uncursed] wand of death [0:6] an [uncursed] wand of death [0:5] an [uncursed] wand of death [0:6] an [uncursed] wand of speed monster [0:6] an [uncursed] wand of teleportation [0:4] Spells known in the end: Name Level Category Fail Memory a - wizard lock 2* matter 100% [........] Your skills at the end: Fighting Skills body armor [Skilled / Skilled] shield [Basic / Basic] Weapon Skills flail [Expert / Expert] sling [Basic / Skilled] Spellcasting Skills Final Attributes: You had transgressed. Hunger level was 1435. Your alignment was -17118 / 185. Monster difficulty range was 2 - 15. Level difficulty was 16. You were immune to poison. You were immune to level-drain. You were immune to sickness. You were magic-protected. You were punished. You were warned. You had automatic searching. You were displaced. You could fly. You could survive without air. You had slower digestion. You regenerated. You were very fast. You had reflection. You were lucky (3). You had extra luck. Bad luck did not time out for you. Good luck did not time out for you. You are dead. Vanquished creatures: Warden Arianna 2 iron golems 2 stone golems a titanothere 4 trappers a baby sarkany a disenchanter a vampire lord a skeleton 5 prison guards 255 guards 6 lava demons an inmate a clay golem a nurse 6 lurkers above 2 Aleaxes 2 golden nagas 7 black puddings 2 vampires a lieutenant a watch captain 10 ghosts 2 locusts a winged gargoyle a mind flayer 2 giant mimics a zruty an ogre king an ice troll 2 umber hulks 4 Elvenkings 3 large mimics a wumpus 2 long worms a couatl 7 stalkers 2 air elementals 2 fire elementals 5 earth elementals a water elemental 2 giant mummies 2 black nagas 6 xorns 2 giant zombies 2 elf-lords 4 sergeants 2 water demons 5 wargs 2 winter wolves 13 small mimics 5 glass piercers a rodent of unusual size 2 warhorses 2 xans an ettin mummy a quantum mechanic 2 trolls a sasquatch a giant turtle 2 pyrolisks 3 large dogs 3 freezing spheres a flaming sphere 3 shocking spheres a large cat 3 gargoyles 2 dwarf kings 3 tengu 4 leocrottas an energy vortex a mountain centaur 3 stone giants an elf mummy 2 red nagas 3 pit vipers a python 4 cobras 15 wraiths 2 carnivorous apes 12 ettin zombies 2 leather golems 3 Grey-elves 16 soldiers 4 watchmen 2 succubi 2 chameleons a crocodile 24 giant beetles 7 cockatrices a wolf 3 lynxes a panther 2 gremlins a spotted jelly 21 leprechauns 3 iron piercers 18 giant spiders a scorpion an ice vortex 3 black lights 3 vampire bats a forest centaur 2 gnome kings an orc mummy a dwarf mummy 13 brown puddings 9 rust monsters 4 owlbears 2 yetis 3 gold golems 2 werewolves 4 Green-elves 4 lizards 3 chickatrices a dog a dingo a housecat a jaguar 3 dwarf lords a blue jelly 5 white unicorns 2 gray unicorns 3 dust vortices 2 ravens 2 Kop Kaptains 2 gnome mummies 2 snakes 8 water moccasins an ape 8 human zombies 2 rope golems 10 Woodland-elves 31 soldier ants 4 fire ants 3 bugbears an imp a quasit 7 wood nymphs 3 water nymphs 4 mountain nymphs 2 Uruk-hai an orc shaman 5 rock piercers 3 enormous rats 2 rock moles 3 ponies 2 fog clouds 2 yellow lights a shrieker 3 violet fungi 16 gnome lords 4 gnomish wizards 3 Kop Lieutenants 2 kobold mummies a red naga hatchling a black naga hatchling 2 gray oozes a barrow wight 6 elf zombies a ghoul 2 straw golems 3 paper golems a wax golem 13 giant ants 2 little dogs 7 floating eyes a kitten 21 dwarves 2 homunculi a kobold lord 2 kobold shamans 39 hill orcs 8 rothes a rabid rat 2 centipedes 4 giant bats 2 Kop Sergeants 10 orc zombies 8 dwarf zombies a werejackal 14 iguanas 18 killer bees 6 acid blobs a gas spore 11 hobbits a large kobold 3 hobgoblins 4 giant rats 4 cave spiders a brown mold 2 yellow molds a red mold 83 gnomes 4 Keystone Kops 2 garter snakes 5 gnome zombies 7 geckos a jackal a fox 2 goblins 6 sewer rats 5 grid bugs 10 bats 3 lichens 7 kobold zombies 2 newts 1151 creatures vanquished. Voluntary challenges: You were an atheist. You went without food. You never hit with a wielded weapon. You read items or engraved 22 times. You put on armor 34 times. You never genocided any monsters. You never polymorphed an object. You changed form 1 time. You used no wishes. You abstained from Elbereth's help. You never encountered a bones level. You never used any Sokoban shortcuts. Dungeon overview: The Dungeons of Doom: levels 1 to 17 Level 1 a long staircase Level 2 stairs to The Gnomish Mines Level 3 (Vault) some fountains Level 4 (Vault) a fountain Level 6 a fountain, a sink Level 7 (Vault) Level 9 a temple stairs to Sokoban Level 10 (Vault) Level 11 stairs to Town Level 13 (Graveyard) Level 14 (Everything is polytraps but that's okay) a sink portal to The Quest Level 16 (Vault) <- You were here many trees The Gnomish Mines: levels 3 to 10 Level 3 stairs to The Dungeons of Doom Level 6 some shops, a temple, a magic chest, some fountains Level 7 (Beaten, but not Defeated) Level 10 (Nothing happened) The Quest: levels 1 to 6 Level 1 an altar to Tymora, a magic chest, a sink portal to The Dungeons of Doom Level 3 a general store, a sink Level 6 (MOM'S SPAGHETTI) Sokoban: Level 8 (>It's a "Sokoban without magic chest" episode) stairs to The Dungeons of Doom Town: Level 10 stairs to The Dungeons of Doom History has recorded: On T:1 you entered the Dungeons of Doom to retrieve the Amulet of Yendor! On T:309 you reached level 2 of The Dungeons of Doom. On T:363 you reached level 1 of The Gnomish Mines. On T:367 you advanced to experience level 2. On T:374 you advanced to experience level 3. On T:378 you advanced to experience level 4. On T:411 you advanced to experience level 5. On T:578 you advanced to experience level 6. On T:600 you reached level 2 of The Gnomish Mines. On T:847 you advanced to experience level 7. On T:854 you reached level 3 of The Gnomish Mines. On T:1233 you reached level 4 of The Gnomish Mines. On T:1266 you reached level 5 of The Gnomish Mines. On T:1455 you advanced to experience level 8. On T:1813 you reached level 6 of The Gnomish Mines. On T:2076 you advanced to experience level 9. On T:2117 you reached level 7 of The Gnomish Mines. On T:2166 you reached level 8 of The Gnomish Mines. On T:4266 you advanced to experience level 10. On T:5631 you reached level 3 of The Dungeons of Doom. On T:6155 you reached level 4 of The Dungeons of Doom. On T:6477 you reached level 5 of The Dungeons of Doom. On T:6664 you reached level 6 of The Dungeons of Doom. On T:6860 you reached level 7 of The Dungeons of Doom. On T:7507 you reached level 8 of The Dungeons of Doom. On T:7787 you reached level 9 of The Dungeons of Doom. On T:7867 you reached level 3 of Sokoban. On T:8211 you reached level 10 of The Dungeons of Doom. On T:8452 you advanced to experience level 11. On T:8552 you reached level 11 of The Dungeons of Doom. On T:8675 you reached level 3 of Town. On T:8829 you reached level 12 of The Dungeons of Doom. On T:9154 you reached level 13 of The Dungeons of Doom. On T:9612 you reached level 14 of The Dungeons of Doom. On T:9801 you reached level 1 of The Quest. On T:10171 you advanced to experience level 12. On T:10253 you embarked upon an epic quest. On T:10415 you reached level 2 of The Quest. On T:10570 you reached level 3 of The Quest. On T:12014 you reached level 4 of The Quest. On T:12040 you reached level 5 of The Quest. On T:12142 you reached level 6 of The Quest. On T:12247 you killed Warden Arianna on level 6 of The Quest. On T:12909 you completed the quest! On T:13160 you reached level 15 of The Dungeons of Doom. On T:13444 you reached level 16 of The Dungeons of Doom. On T:13803 you advanced to experience level 13. On T:14302 you reached level 17 of The Dungeons of Doom. On T:15991 you received advice from The Oracle. On T:20135 you advanced to experience level 14. On T:29226 you advanced to experience level 15. Latest messages: Never mind. Your surroundings suddenly seem different. Your limbs are stiffening. [HP+6=136] Your surroundings suddenly seem different. Your surroundings suddenly seem different. Your limbs have turned to stone. [HP+1=137] You have turned to stone. [HP+1=138] The hill giant drinks a potion of invisibility! Suddenly you cannot see the hill giant. You are a statue. Final status: Goodbye Yev-Ruu the Convict... You turned to stone in The Dungeons of Doom on dungeon level 16 with 71499 points, and 288 pieces of gold, after 35082 moves. You were level 15 with a maximum of 141 hit points when you turned to stone.